EL
NORTHWEST ARKANSAS NATURALS @ CORPUS CHRISTI HOOKS
07/18/2047
 
TOP OF THE 1ST
Northwest Arkansas Naturals batting - Pitching for Corpus Christi Hooks : RHP Scott Spillman
Pitching: RHP Scott Spillman
Batting: RHB Willie de los Santos 0-0: Called Strike
0-1: Ball
1-1: Ball
2-1: SINGLE (Line Drive, 3D, EV 104.4 MPH)
Batting: RHB Kevin Wimberly 0-0: Ground out 5-3 (Groundball, 56S, EV 66.2 MPH)
Willie de los Santos to second
Batting: SHB Troy Maynard 0-0: Foul Ball, location: 2F
0-1: Ball
1-1: Ball
2-1: Swinging Strike
2-2: Fly out, F6 (Popup, 6MS, EV 82.5 MPH)
Batting: RHB Andy Urquhart 0-0: Ball
1-0: Ball
2-0: Ground out 3-1 (Groundball, 34S, EV 80.0 MPH)
Top of the 1st over - 0 runs, 1 hit, 0 errors, 1 left on base; Northwest Arkansas 0 - Corpus Christi 0
BOTTOM OF THE 1ST
Corpus Christi Hooks batting - Pitching for Northwest Arkansas Naturals : RHP Steve Ryals
Pitching: RHP Steve Ryals
Batting: RHB Edgar Trejo 0-0: Called Strike
0-1: Called Strike
0-2: Strikes out swinging
Batting: RHB Sean Mounts 0-0: Ball
1-0: Called Strike
1-1: Ball
2-1: Foul Ball, location: 2F
2-2: Strikes out swinging
Batting: RHB Bruce Bermudez 0-0: Fly out, F8 (Flyball, 78S, EV 93.1 MPH)
Bottom of the 1st over - 0 runs, 0 hits, 0 errors, 0 left on base; Northwest Arkansas 0 - Corpus Christi 0
TOP OF THE 2ND
Northwest Arkansas Naturals batting - Pitching for Corpus Christi Hooks : RHP Scott Spillman
Batting: LHB Roy Riess 0-0: Called Strike
0-1: Ball
1-1: Ground out 4-3 (Groundball, 4S, EV 83.8 MPH)
Batting: SHB Bill Ertl 0-0: Fly out, F8 (Flyball, 78M, EV 81.2 MPH)
Batting: RHB Justin Goff 0-0: Ground out U3 (Groundball, 34S, EV 91.2 MPH)
Top of the 2nd over - 0 runs, 0 hits, 0 errors, 0 left on base; Northwest Arkansas 0 - Corpus Christi 0
BOTTOM OF THE 2ND
Corpus Christi Hooks batting - Pitching for Northwest Arkansas Naturals : RHP Steve Ryals
Batting: LHB Josh Birkner 0-0: Foul Ball, location: 2F
0-1: Ball
1-1: Ball
2-1: Ball
3-1: Base on Balls
Batting: RHB Andrew Pride 0-0: Ball
1-0: Ball
2-0: Ball
3-0: Called Strike
3-1: Swinging Strike
3-2: Strikes out looking
Batting: RHB Masaru Konno 0-0: Ball
1-0: SINGLE (Groundball, 6MS, EV 67.5 MPH) (infield hit)
Josh Birkner to second
Batting: RHB Juan Mendoza 0-0: Ball
1-0: Ball
2-0: Ball
3-0: Called Strike
3-1: Base on Balls
Josh Birkner to third
Masaru Konno to second
Pitching: LHP Jake Warwick
Batting: LHB Jackson Trottier 0-0: Ball
1-0: Grounds into double play, 4-6-3 (Groundball, 4, EV 82.5 MPH)
Bottom of the 2nd over - 0 runs, 1 hit, 0 errors, 2 left on base; Northwest Arkansas 0 - Corpus Christi 0
TOP OF THE 3RD
Northwest Arkansas Naturals batting - Pitching for Corpus Christi Hooks : RHP Scott Spillman
Batting: LHB Robert Wilkins 0-0: Ball
1-0: Ball
2-0: SINGLE (Line Drive, 78M, EV 103.1 MPH)
Batting: RHB Josh Stinnett 0-0: Foul Ball, location: 2F
Pickoff Throw to First - Out! 1-3
0-1: Ball
1-1: Called Strike
1-2: SINGLE (Groundball, 34D, EV 97.5 MPH)
Batting: RHB Willie de los Santos 0-0: Swinging Strike
0-1: Called Strike
0-2: Ball
1-2: Strikes out swinging
Batting: RHB Kevin Wimberly 0-0: Ball
1-0: Called Strike
1-1: Foul Ball, location: 2F
1-2: Strikes out looking
Top of the 3rd over - 0 runs, 2 hits, 0 errors, 1 left on base; Northwest Arkansas 0 - Corpus Christi 0
BOTTOM OF THE 3RD
Corpus Christi Hooks batting - Pitching for Northwest Arkansas Naturals : LHP Jake Warwick
Batting: RHB Evan Fry 0-0: Called Strike
0-1: Swinging Strike
0-2: Foul Ball, location: 2F
0-2: Foul Ball, location: 2F
0-2: Ball
1-2: Fly out, F7 (Flyball, BS1, EV 96.2 MPH)
Batting: RHB Edgar Trejo 0-0: Ball
1-0: Ball
2-0: Called Strike
2-1: DOUBLE (Line Drive, 5D, EV 98.8 MPH)
Batting: RHB Sean Mounts 0-0: Called Strike
Edgar Trejo is caught stealing 3rd base 2-5
0-1: Ball
1-1: Fly out, F9 (Flyball, 9, EV 80.6 MPH)
Bottom of the 3rd over - 0 runs, 1 hit, 0 errors, 0 left on base; Northwest Arkansas 0 - Corpus Christi 0
TOP OF THE 4TH
Northwest Arkansas Naturals batting - Pitching for Corpus Christi Hooks : RHP Scott Spillman
Batting: SHB Troy Maynard 0-0: Called Strike
0-1: Called Strike
0-2: Ball
1-2: Ball
2-2: Strikes out swinging
Batting: RHB Andy Urquhart 0-0: SINGLE (Line Drive, 34D, EV 96.2 MPH)
Batting: LHB Roy Riess 0-0: Ball
Wild Pitch!
Andy Urquhart to second
1-0: Ball
2-0: Called Strike
2-1: Fly out, F8 (Flyball, 8LS, EV 79.4 MPH)
Batting: SHB Bill Ertl 0-0: Fly out, F7 (Line Drive, 7, EV 99.4 MPH)
Top of the 4th over - 0 runs, 1 hit, 0 errors, 1 left on base; Northwest Arkansas 0 - Corpus Christi 0
BOTTOM OF THE 4TH
Corpus Christi Hooks batting - Pitching for Northwest Arkansas Naturals : LHP Jake Warwick
Batting: RHB Bruce Bermudez 0-0: Called Strike
0-1: Foul Ball, location: 2F
0-2: Ball
1-2: Ground out 5-3 (Groundball, 5L, EV 88.1 MPH)
Batting: LHB Josh Birkner 0-0: Called Strike
0-1: Ball
1-1: Called Strike
1-2: Strikes out swinging
Pitching: RHP Andy Rodriguez
Batting: RHB Andrew Pride 0-0: Ball
1-0: Foul Ball, location: 2F
1-1: Ball
2-1: Ball
3-1: Base on Balls
Batting: RHB Masaru Konno 0-0: Called Strike
0-1: Ball
1-1: Foul Ball, location: 2F
1-2: Fly out, F9 (Flyball, 89M, EV 71.2 MPH)
Bottom of the 4th over - 0 runs, 0 hits, 0 errors, 1 left on base; Northwest Arkansas 0 - Corpus Christi 0
TOP OF THE 5TH
Northwest Arkansas Naturals batting - Pitching for Corpus Christi Hooks : RHP Scott Spillman
Batting: RHB Justin Goff 0-0: Ball
1-0: SINGLE (Line Drive, 8LS, EV 106.2 MPH)
Batting: LHB Robert Wilkins 0-0: Ball
1-0: Ball
2-0: Called Strike
2-1: Fielders Choice at 2nd, 4-6 (Groundball, 4, EV 78.8 MPH)
Batting: RHB Josh Stinnett 0-0: Called Strike
0-1: Ball
1-1: Called Strike
1-2: DOUBLE (Line Drive, 78D, EV 110.6 MPH)
Robert Wilkins to third
Batting: RHB Willie de los Santos 0-0: Ball
1-0: Called Strike
1-1: Ball
2-1: Ball
3-1: Base on Balls
Batting: RHB Kevin Wimberly 0-0: Ball
1-0: Ball
2-0: Foul Ball, location: 2F
2-1: Ball
3-1: Called Strike
3-2: Base on Balls
Robert Wilkins scores
Josh Stinnett to third
Willie de los Santos to second
Batting: SHB Troy Maynard 0-0: Ball
1-0: Ball
2-0: Called Strike
2-1: Swinging Strike
2-2: Ball
3-2: Base on Balls
Josh Stinnett scores
Willie de los Santos to third
Kevin Wimberly to second
Batting: RHB Andy Urquhart 0-0: Called Strike
0-1: Ball
1-1: Foul Ball, location: 2F
1-2: Fly out, F9 (Flyball, 9D, EV 95.0 MPH)
Batting: LHB Roy Riess 0-0: Ball
1-0: Ball
2-0: Foul Ball, location: 2F
2-1: Foul Ball, location: 2F
2-2: Ball
3-2: Strikes out swinging
Top of the 5th over - 2 runs, 2 hits, 0 errors, 3 left on base; Northwest Arkansas 2 - Corpus Christi 0
BOTTOM OF THE 5TH
Corpus Christi Hooks batting - Pitching for Northwest Arkansas Naturals : RHP Andy Rodriguez
Batting: RHB Juan Mendoza 0-0: Ball
1-0: Foul Ball, location: 2F
1-1: Ball
2-1: Ball
3-1: Base on Balls
Batting: LHB Jackson Trottier 0-0: SINGLE (Groundball, 34D, EV 95.0 MPH)
Juan Mendoza to second
Runner from 2nd tries for 3rd, SAFE, throw by RF made at trailing runner, OUT! 9-6
Batting: RHB Evan Fry 0-0: Ground out 1-3 (Groundball, 13S, EV 67.5 MPH)
Batting: RHB Edgar Trejo 0-0: Foul Ball, location: 2F
0-1: Ball
1-1: Ball
2-1: Ball
3-1: Fly out, F7 (Flyball, 7LD, EV 81.2 MPH)
Bottom of the 5th over - 0 runs, 1 hit, 0 errors, 1 left on base; Northwest Arkansas 2 - Corpus Christi 0
TOP OF THE 6TH
Northwest Arkansas Naturals batting - Pitching for Corpus Christi Hooks : RHP Scott Spillman
Batting: SHB Bill Ertl 0-0: Ball
1-0: Foul Ball, location: 2F
1-1: Ball
2-1: Ball
3-1: Ground out 6-3 (Groundball, 6, EV 89.4 MPH)
Batting: RHB Justin Goff 0-0: Ball
1-0: Foul Ball, location: 2F
1-1: Ball
2-1: Foul Ball, location: 2F
2-2: Ground out 2-3 (Groundball, 2R, EV 73.8 MPH)
Batting: LHB Robert Wilkins 0-0: Foul Ball, location: 2F
0-1: Ball
1-1: Foul Ball, location: 2F
1-2: Strikes out swinging
Top of the 6th over - 0 runs, 0 hits, 0 errors, 0 left on base; Northwest Arkansas 2 - Corpus Christi 0
BOTTOM OF THE 6TH
Corpus Christi Hooks batting - Pitching for Northwest Arkansas Naturals : RHP Andy Rodriguez
Batting: RHB Sean Mounts 0-0: Called Strike
0-1: Called Strike
0-2: Ball
1-2: Ball
2-2: Foul Ball, location: 2F
2-2: Ball
3-2: Strikes out swinging
Pitching: RHP Jadon Martin
Batting: RHB Bruce Bermudez 0-0: Called Strike
0-1: Foul Ball, location: 2F
0-2: Ball
1-2: Ground out 6-3 (Groundball, 6, EV 115.0 MPH)
Batting: LHB Josh Birkner 0-0: Fly out, F9 (Flyball, 9, EV 79.4 MPH)
Bottom of the 6th over - 0 runs, 0 hits, 0 errors, 0 left on base; Northwest Arkansas 2 - Corpus Christi 0
TOP OF THE 7TH
Northwest Arkansas Naturals batting - Pitching for Corpus Christi Hooks : RHP Scott Spillman
Pitching: LHP Mike Holloway
Batting: RHB Josh Stinnett 0-0: SINGLE (Line Drive, 34D, EV 98.1 MPH)
Batting: RHB Willie de los Santos 0-0: Foul Ball, location: 2F
0-1: Foul Ball, location: 2F
0-2: Ball
1-2: Ball
2-2: Ball
3-2: Foul Ball, location: 2F
3-2: Fly out, F9 (Flyball, 9, EV 91.2 MPH)
Batting: RHB Kevin Wimberly 0-0: Called Strike
0-1: Ball
1-1: Swinging Strike
1-2: Strikes out looking
Batting: SHB Troy Maynard 0-0: Ball
1-0: Ball
2-0: Called Strike
2-1: Ball
3-1: Foul Ball, location: 2F
3-2: Strikes out swinging
Top of the 7th over - 0 runs, 1 hit, 0 errors, 1 left on base; Northwest Arkansas 2 - Corpus Christi 0
BOTTOM OF THE 7TH
Corpus Christi Hooks batting - Pitching for Northwest Arkansas Naturals : RHP Jadon Martin
Batting: RHB Andrew Pride 0-0: SINGLE (Line Drive, 7LS, EV 88.8 MPH)
Batting: RHB Masaru Konno 0-0: Ball
1-0: Swinging Strike
1-1: Foul Ball, location: 2F
1-2: Ball
2-2: Foul Ball, location: 2F
2-2: Strikes out looking
Batting: RHB Juan Mendoza 0-0: Swinging Strike
0-1: Ball
1-1: Ball
2-1: Foul Ball, location: 2F
2-2: Foul Ball, location: 2F
2-2: Ball
3-2: Foul Ball, location: 2F
3-2: Foul Ball, location: 2F
3-2: Strikes out swinging
Pitching: RHP Nam Phong
Batting: LHB Jackson Trottier 0-0: Called Strike
0-1: Ball
Passed Ball!
Andrew Pride to second
1-1: Called Strike
1-2: Strikes out swinging, 2-3 out at first.
Bottom of the 7th over - 0 runs, 1 hit, 0 errors, 1 left on base; Northwest Arkansas 2 - Corpus Christi 0
TOP OF THE 8TH
Northwest Arkansas Naturals batting - Pitching for Corpus Christi Hooks : LHP Mike Holloway
Pitching: RHP Calisto Morda
Batting: RHB Andy Urquhart 0-0: SINGLE (Groundball, 6MD, EV 104.4 MPH)
Batting: LHB Roy Riess 0-0: Ball
Andy Urquhart is caught stealing 2nd base 2-6
1-0: Ball
2-0: Ground out 5-3 (Groundball, 56D, EV 82.5 MPH)
Batting: SHB Bill Ertl 0-0: Ball
1-0: Swinging Strike
1-1: Called Strike
1-2: Ball
2-2: Strikes out swinging
Top of the 8th over - 0 runs, 1 hit, 0 errors, 0 left on base; Northwest Arkansas 2 - Corpus Christi 0
BOTTOM OF THE 8TH
Corpus Christi Hooks batting - Pitching for Northwest Arkansas Naturals : RHP Nam Phong
Batting: RHB Evan Fry 0-0: Fly out, F8 (Flyball, 8RD, EV 107.5 MPH)
Batting: RHB Edgar Trejo 0-0: Called Strike
0-1: Ball
1-1: Ground out 4-3 (Groundball, 34, EV 83.8 MPH)
Batting: RHB Sean Mounts 0-0: Ball
1-0: Ground out 5-3 (Groundball, 56S, EV 85.0 MPH)
Bottom of the 8th over - 0 runs, 0 hits, 0 errors, 0 left on base; Northwest Arkansas 2 - Corpus Christi 0
TOP OF THE 9TH
Northwest Arkansas Naturals batting - Pitching for Corpus Christi Hooks : RHP Calisto Morda
Batting: RHB Justin Goff 0-0: Foul Ball, location: 2F
0-1: Ball
1-1: Foul Ball, location: 2F
1-2: Ball
2-2: Strikes out swinging
Batting: LHB Robert Wilkins 0-0: Called Strike
0-1: Ball
1-1: Called Strike
1-2: Ball
2-2: DOUBLE (Line Drive, 8RD, EV 85.6 MPH)
Batting: RHB Josh Stinnett 0-0: Ball
1-0: Ball
2-0: SINGLE (Line Drive, 56D, EV 103.1 MPH)
Robert Wilkins to third
Batting: RHB Willie de los Santos 0-0: Ball
1-0: Called Strike
1-1: Ball
2-1: Swinging Strike
2-2: Fly out, F9 (Flyball, 9, EV 87.5 MPH)
Runner from 3rd tags up, SCORES, throw by RF
Batting: RHB Kevin Wimberly 0-0: Ball
1-0: Foul Ball, location: 2F
1-1: Ball
Josh Stinnett steals 2nd base
2-1: Foul Ball, location: 2F
2-2: Foul Ball, location: 2F
2-2: Foul Ball, location: 2F
2-2: Fly out, F8 (Flyball, 8LM, EV 80.6 MPH)
Top of the 9th over - 1 run, 2 hits, 0 errors, 1 left on base; Northwest Arkansas 3 - Corpus Christi 0
BOTTOM OF THE 9TH
Corpus Christi Hooks batting - Pitching for Northwest Arkansas Naturals : RHP Nam Phong
Batting: RHB Bruce Bermudez 0-0: Called Strike
0-1: Ball
1-1: Foul Ball, location: 2F
1-2: Ball
2-2: SINGLE (Groundball, 6MD, EV 109.4 MPH)
Batting: LHB Josh Birkner 0-0: Ball
1-0: Swinging Strike
1-1: Ball
2-1: Foul Ball, location: 2F
2-2: Foul Ball, location: 2F
2-2: Ball
3-2: Base on Balls
Bruce Bermudez to second
Pitching: RHP Mike Galvin
Batting: RHB Andrew Pride 0-0: Called Strike
0-1: Ball
1-1: SINGLE (Groundball, 3D, EV 99.4 MPH)
Bruce Bermudez to third
Josh Birkner to second
Batting: RHB Masaru Konno 0-0: Fielders Choice at 2nd, 6-4 (Groundball, 6, EV 88.8 MPH)
Bruce Bermudez scores
Josh Birkner to third
Batting: RHB Juan Mendoza 0-0: Ball
1-0: Grounds into double play, 6-4-3 (Groundball, 6MD, EV 83.8 MPH)
Bottom of the 9th over - 1 run, 2 hits, 0 errors, 1 left on base; Northwest Arkansas 3 - Corpus Christi 1
Thursday, December 15th , 2022 - OOTP Baseball 23.9 Build 102